 Dungeon Crawl Stone Soup version 0.21.0 (webtiles) character file.

115 tidbits the Sneak (level 4, 18/18 HPs)
             Began as a Felid Earth Elementalist on Jan 6, 2018.
             Quit the game on level 4 of the Dungeon.
             The game lasted 00:08:49 (920 turns).

tidbits the Sneak (Felid Earth Elementalist)         Turns: 920, Time: 00:08:51

Health: 18/18      AC:  1    Str:  5    XL:     4   Next: 68%
Magic:  8/8        EV: 18    Int: 16    God:
Gold:   36         SH:  0    Dex: 17    Spells: 4/7 levels left
                                        Lives:  0   Deaths: 1

rFire    . . .     SeeInvis +     - Unarmed
rCold    . . .     Gourm    .   (shield unavailable)
rNeg     . . .     Faith    .   (armour unavailable)
rPois    .         Spirit   .   (helmet unavailable)
rElec    .         Reflect  .   (cloak unavailable)
rCorr    .         Harm     .   (gloves unavailable)
MR       .....                  (boots unavailable)
Stlth    ++++......             (no amulet)
HPRegen  0.06/turn              (no ring)
MPRegen  0.11/turn              (no ring)

@: quick
A: very small, no armour, no weapons or thrown items, stealth, claws 1, fangs 3,
see invisible, carnivore, speed 1, shaggy fur 1, slow metabolism 1, sharp paws
a: no special abilities


You were on level 4 of the Dungeon.
You were not hungry.

You visited 1 branch of the dungeon, and saw 5 of its levels.

You collected 36 gold pieces.

Inventory:

Missiles
 b - 78 stones
 f - 35 arrows
Scrolls
 a - a scroll of identify {unknown}
 e - a scroll of fog {unknown}
 g - a scroll of fear
 h - a scroll of enchant weapon
 i - a scroll of random uselessness {unknown}
 k - a scroll of noise {unknown}
 n - 2 scrolls of amnesia {unknown}
 r - 4 scrolls of remove curse
Potions
 j - a potion of curing
Books
 d - a book of Geomancy

   Spells                             Type                      Level
   a - Sandblast                      Earth                        1
   b - Passwall                       Transmutation/Earth          2
   c - Stone Arrow                    Conjuration/Earth            3
   d - Petrify                        Transmutation/Earth          4
   e - Lee's Rapid Deconstruction     Earth                        5
Comestibles
 c - 2 rations
 l - 3 chunks of flesh


   Skills:
 - Level 2.6 Dodging
 + Level 6.3 Stealth
 + Level 3.8 Unarmed Combat
 - Level 2.0 Spellcasting
 - Level 1.1 Transmutations
 - Level 2.6 Earth Magic


You had 4 spell levels left.
You knew the following spells:

 Your Spells              Type           Power        Failure   Level  Hunger
a - Sandblast             Erth           ##....       7%          1    #......
p - Passwall              Tmut/Erth      #.........   14%         2    ###....


Dungeon Overview and Level Annotations

Branches:
Dungeon (5/15)
 Temple: D:4-7

Altars:

Annotations:
D:4 EmerC's ghost, amateur SpEn


Innate Abilities, Weirdness & Mutations

You cannot wear armour.
You are incapable of wielding weapons or throwing items.
Your paws allow you to move quietly. (Stealth)
You have sharp claws.
You have razor-sharp teeth.
You have supernaturally acute eyesight. (SInv)
You are carnivorous and can eat meat at any time.
You cover ground quickly.
You are covered in fur. (AC +1)
You have a slow metabolism.
Your sharp claws are effective at attacking unaware monsters.


Message History

Press: ? - help, Shift-Dir - straight line, f - iguana
Aim: an iguana You miscast Sandblast.
You are very lightly contaminated with residual magic.
You feel gritty.
Casting: Sandblast
Confirm with . or Enter, or press ? or * to list all spells.
Aiming: Sandblast
Press: ? - help, Shift-Dir - straight line, f/p - iguana
Aim: an iguana The blast of sand hits the iguana.
The iguana is heavily wounded.
b - 83 stones
Casting: Sandblast
Confirm with . or Enter, or press ? or * to list all spells.
You don't have enough magic to cast that spell.
Okay, then.
Casting: Sandblast
Confirm with . or Enter, or press ? or * to list all spells.
Aiming: Sandblast
Press: ? - help, Shift-Dir - straight line, f/p - iguana
Aim: an iguana (heavily wounded)
The blast of sand hits the iguana.
You kill the iguana!
b - 82 stones You see here an iguana corpse.
You butcher the iguana corpse.
l - 3 chunks of flesh You see here an iguana skeleton.
Your extra speed is starting to run out.
There is an open door here.
Found 15 gold pieces.
You open the door.
A hound and a worker ant come into view.
The hound moves out of view.
Found a scroll labeled EVVUUH JO EFEO.
There is an open door here.
You feel yourself slow down.
You pounce on the unaware helpless worker ant!
You mangle the worker ant!!
You kill the worker ant!
The hound barks!
Casting: Sandblast
Confirm with . or Enter, or press ? or * to list all spells.
Aiming: Sandblast
Press: ? - help, Shift-Dir - straight line, f - hound
Aim: a hound The blast of sand hits the hound.
The hound is moderately wounded.
b - 81 stones The hound closely misses you.
It was a potion of resistance.
You feel protected. The hound bites you. The hound barely misses you.
Your magical contamination has completely faded away.
There is an open door here.
Casting: Sandblast
Confirm with . or Enter, or press ? or * to list all spells.
Aiming: Sandblast
Press: ? - help, Shift-Dir - straight line, f/p - hound
Aim: a hound (moderately wounded)
The blast of sand misses the hound.
b - 80 stones The hound bites you.
The hound barely misses you. The hound completely misses you.
You see here 15 gold pieces.
Casting: Sandblast
Confirm with . or Enter, or press ? or * to list all spells.
Aiming: Sandblast
Press: ? - help, Shift-Dir - straight line, f/p - hound
Aim: a hound (moderately wounded)
The blast of sand hits the hound.
The hound is severely wounded.
b - 79 stones The hound closely misses you.
The hound misses you. The hound completely misses you.
There is a stone staircase leading up here.
The hound bites you.
* * * LOW HITPOINT WARNING * * *
Casting: Sandblast
Confirm with . or Enter, or press ? or * to list all spells.
Aiming: Sandblast
Press: ? - help, Shift-Dir - straight line, f/p - hound
Aim: a hound (severely wounded)
The blast of sand hits the hound.
The hound is almost dead.
b - 78 stones The hound bites you.
* * * LOW HITPOINT WARNING * * *
The hound misses you.
Okay, then.
EmerC's ghost (amateur Spriggan Enchanter) comes into view.
The hound bites you.
You die...
You are now level 4!
You rejoin the land of the living...
Unknown command.
Are you sure you want to abandon this character and quit the game? (Confirm with "yes".)

##### #...## #.#..# ######..#.#
##....##.#@# #......#l#.#
#........#.# #...P....#.#
#.#..P♣..#.# ##### #####
#.#...♣....######...##....# #
#####................>.........
#
#...............#..#....##....#
#
#......#####.......#.W........#


There were no monsters in sight!

Vanquished Creatures
  A scorpion (D:4)
  A hound (D:4)
  2 iguanas
  A worker ant (D:4)
  4 adders
  An adder skeleton (D:4)
  A worm (D:4)
  A dart slug (D:2)
  3 leopard geckos
  2 ball pythons (D:2)
  2 giant cockroaches
  A goblin (D:1)
  A quokka (D:5)
  3 bats
  2 frilled lizards (D:3)
  10 rats
36 creatures vanquished.

Notes
Turn   | Place    | Note
-------+----------+-------------------------------------------
     0 | D:1      | tidbits the Felid Earth Elementalist began the quest for the Orb.
     0 | D:1      | Reached XP level 1. HP: 7/7 MP: 4/4
    63 | D:2      | Reached skill level 3 in Stealth
   157 | D:1      | Reached skill level 1 in Unarmed Combat
   168 | D:1      | Reached XP level 2. HP: 6/11 MP: 3/6
   361 | D:1      | Learned a level 2 spell: Passwall
   414 | D:1      | You fall through a shaft!
   479 | D:5      | Entered Level 5 of the Dungeon
   495 | D:5      | Reached skill level 4 in Stealth
   496 | D:5      | Noticed a howler monkey
   497 | D:5      | Reached XP level 3. HP: 14/14 MP: 7/7
   597 | D:4      | Reached skill level 2 in Unarmed Combat
   601 | D:4      | Noticed a black bear
   653 | D:3      | Reached XP level 4. HP: 17/18 MP: 1/8
   745 | D:4      | Reached skill level 5 in Stealth
   767 | D:4      | Reached skill level 3 in Unarmed Combat
   819 | D:4      | Reached XP level 5. HP: 9/21 MP: 0/9
   835 | D:4      | Reached skill level 6 in Stealth
   918 | D:4      | Noticed EmerC's ghost (amateur SpEn)
   919 | D:4      | Slain by a hound
   920 | D:4      | Reached XP level 4. HP: -1/18 MP: 0/8
   920 | D:4      | Quit the game

Skill      XL: |  1  2  3  4  5 |
---------------+----------------+-----
Stealth        | 3 4 5 6 |  6.3
Unarmed Combat | 1 2 3 |  3.8
Dodging        | |  2.6
Spellcasting   | |  2.0
Transmutations | |  1.1
Earth Magic    | |  2.6

Action                   |  1- 3 |  4- 6 || total
-------------------------+-------+-------++-------
Melee: Unarmed           |    15 |    11 ||    26
 Cast: Sandblast         |    35 |    21 ||    56
       Passwall          |     1 |       ||     1
  Use: Potion            |     2 |     4 ||     6
       Scroll            |       |     3 ||     3
 Stab: Sleeping          |    10 |     5 ||    15
       Invisible         |     1 |       ||     1
  Eat: Chunk             |     3 |     5 ||     8
Armor: Skin              |     1 |       ||     1
Dodge: Dodged            |    12 |    17 ||    29

Table legend:
 A = Turns spent in this place as a percentage of turns spent in the entire game.
 B = Non-inter-level travel turns spent in this place as a percentage of non-inter-level travel turns spent in the entire game.
 C = Inter-level travel turns spent in this place as a percentage of turns spent in this place.
 D = Turns resting spent in this place as a percentage of non-inter-level travel turns spent in this place.
 E = Turns spent auto-exploring this place as a percentage of non-inter-level travel turns spent in this place.
 F = Non-inter-level travel turns spent in this place divided by the number of levels of this place that you've seen.
                   A       B       C       D       E      F
               +-------+-------+-------+-------+-------+----------------------
         Total | 100.0 | 100.0 |   1.1 |   0.0 |   0.0 | 182.0
       Dungeon | 100.0 | 100.0 |   1.1 |   0.0 |   0.0 | 182.0
               +-------+-------+-------+-------+-------+----------------------

Table legend:
 A = Kills in this place as a percentage of kills in entire the game.
 B = Kills by you in this place as a percentage of kills by you in the entire game.
 C = Kills by friends in this place as a percentage of kills by friends in the entire game.
 D = Other kills in this place as a percentage of other kills in the entire game.
 E = Experience gained in this place as a percentage of experience gained in the entire game.
 F = Experience gained in this place divided by the number of levels of this place that you have seen.
                   A       B       C       D       E      F
               +-------+-------+-------+-------+-------+----------------------
         Total | 100.0 | 100.0 |   N/A |   N/A | 100.0 |  64.8
       Dungeon | 100.0 | 100.0 |   N/A |   N/A | 100.0 |  64.8
               +-------+-------+-------+-------+-------+----------------------

Vault maps used:
D:1:      dpeg_arrival_ratfight
D:2:      nicolae_ru_great_annihilating_truth, kennysheep_generic_room_2
D:3:      cheibrodos_thug_alley, marbit_many_paths
D:4:      kennysheep_six_static_rooms, serial_shops, nicolae_shop_crystal,
          serial_park_tiny_2
D:5:      overflow_temple_1_default, first_ration, serial_shops, shop, shop,
          shop, shop, uniq_ijyb
